 Dungeon Crawl Stone Soup version 0.27-a0-1065-ge809cff456 (console) character file.

Game seed: 17826723122836493291

34 nht the Chucker (level 3, 0/28 HPs)
             Began as a Palentonga Hunter on Apr 23, 2021.
             Was a Follower of Dithmenos.
             Slain by Terence
             ... wielding a +0 mace of protection
              (3 damage)
             ... on level 2 of the Dungeon.
             The game lasted 00:02:48 (1113 turns).

nht the Chucker (Palentonga Hunter)                 Turns: 1113, Time: 00:02:48

Health: 0/28       AC:  4    Str: 15 (16) XL:     3   Next: 14%
Magic:  3/3        EV:  9    Int:  8 (11) God:    Dithmenos [*.....]
Gold:   36         SH:  0    Dex:  7 (10) Spells: 2/2 levels left

rFire    . . .     SeeInvis +   a - +0 short sword
rCold    . . .     Faith    .   (no shield)
rNeg     . . .     Spirit   .   b - +0 leather armour
rPois    .         Reflect  .   (no helmet)
rElec    .         Harm     .   (no cloak)
rCorr    .         Rampage  .   (no gloves)
Will     .....                  (no barding)
Stlth    +.........             (no amulet)
HPRegen  0.09/turn              (no ring)
MPRegen  0.08/turn              (no ring)

@: flying, wreathed by umbra
A: large, rugged brown scales 3, see invisible, deformed body, roll 1, armoured
tail
a: Rolling Charge, Renounce Religion


You were on level 2 of the Dungeon.
You worshipped Dithmenos.
Dithmenos was aware of your devotion.
You visited 1 branch of the dungeon, and saw 2 of its levels.

You collected 36 gold pieces.

Inventory:

Hand Weapons
 a - a +0 short sword (weapon)
 i - a +0 hand axe
Missiles
 c - 4 javelins (quivered)
Armour
 b - a +0 leather armour (worn)
Potions
 e - a potion of heal wounds


   Skills:
 - Level 2.0 Fighting
 + Level 3.8 Throwing
 - Level 1.5 Dodging
 - Level 0.5 Stealth


You had 2 spell levels left.
You didn't know any spells.
Your spell library contained the following spells:

 Spells                   Type           Power      Damage    Failure   Level
 Magic Dart               Conj           0%         1d3       47%         1
 Searing Ray              Conj           0%         3d3       63%         2
 Dazzling Flash           Conj/Hex       0%         N/A       85%         3
 Fulminant Prism          Conj/Hex       0%         3d6       99%         4
 Iskenderun's Mystic Bla  Conj/Tloc      0%         2d3       99%         4


Dungeon Overview and Level Annotations

Branches:
Dungeon (2/15)

Altars:
Dithmenos

Annotations:
D:2 Terence


Innate Abilities, Weirdness & Mutations

You are completely covered in rugged brown scales. (AC +3, +7% HP)
You have supernaturally acute eyesight. (SInv)
Armour fits poorly on your strangely shaped body.
You can roll at nearby foes to attack.
You have a long armoured tail.


Message History

You hit Terence.
Terence is heavily wounded.
Terence struggles against the net.
You hit Terence.
You tail-slap Terence, but do no damage.
Terence is almost dead.
Terence says, "How do you enjoy it?"
Terence struggles against the net.
The net rips apart, and Terence comes free!
You hit Terence but do no damage.
Terence is almost dead.
Terence closely misses you.
You closely miss Terence.
Your tail-slap misses Terence.
Terence is almost dead.
Terence barely misses you.
You barely miss Terence.
Terence is almost dead.
Terence barely misses you. Terence hits you but does no damage.
You barely miss Terence.
Your tail-slap misses Terence.
Terence is almost dead.
Terence hits you with a +0 mace of protection.
You barely miss Terence.
Your tail-slap misses Terence.
Terence is almost dead.
Terence hits you with a +0 mace of protection.
* * * LOW HITPOINT WARNING * * *
Throw: 6 javelins
Press: ? - help, Q - select action, (/) - cycle Shift-Dir - straight line, f/p - Terence
Aim: Terence, wielding a +0 mace of protection and wearing a +0 scale mail (severely wounded, umbra, 58% to hit)
You throw a javelin.
The javelin pierces through Terence but does no damage.
Terence is severely wounded.
Terence barely misses you.
Throw: 5 javelins
Press: ? - help, Q - select action, (/) - cycle Shift-Dir - straight line, f/p - Terence
Aim: Terence, wielding a +0 mace of protection and wearing a +0 scale mail (severely wounded, umbra, 58% to hit)
You throw a javelin.
The javelin pierces through Terence but does no damage.
Terence is severely wounded.
Terence hits you with a +0 mace of protection.
You die...

.......█
......█ .....█
....█ █...█
█...█
█@..██████████
+@†?........>█
█....███████.█
█....█ █.█
█.██████....██
█.█
█^...........█
█.█
██.........).█
█.█
█...........█
█.█
█...[(.███.██
█.█ █......█
█.█ █.█


You could see Terence.

Vanquished Creatures
  A worm (D:2)
  2 dart slugs
  2 endoplasms (D:1)
  3 goblins
  A hobgoblin (D:1)
  4 jackals (D:1)
  3 quokkas (D:1)
  A ball python (D:1)
  3 bats
  2 frilled lizards
  3 rats (D:1)
25 creatures vanquished.

Vanquished Creatures (others)
  2 plants (D:1)
2 creatures vanquished.

Grand Total: 27 creatures vanquished

Notes
Turn   | Place    | Note
-------+----------+-------------------------------------------
     0 | D:1      | nht the Palentonga Hunter began the quest for the Orb.
     0 | D:1      | Reached XP level 1. HP: 17/17 MP: 1/1
    20 | D:1      | Reached skill level 3 in Throwing
   231 | D:1      | Found a faded altar of an unknown god.
   239 | D:1      | Became a worshipper of Dithmenos the Shadowed
   239 | D:1      | Reached * piety under Dithmenos
   350 | D:1      | Reached XP level 2. HP: 19/23 MP: 2/2
  1053 | D:2      | Reached XP level 3. HP: 13/28 MP: 3/3
  1089 | D:2      | Noticed Terence
  1113 | D:2      | Slain by Terence

Illustrated notes

Levels and vault maps discovered:
D:1:      minmay_arrival_solitary_statue, layout_rooms, serial_forest,
          infiniplex_forest_end_double, infiniplex_forest_side_room,
          infiniplex_forest_corner_2, infiniplex_forest_clump_small,
          infiniplex_forest_split, infiniplex_forest_end_3,
          infiniplex_forest_clump_double, infiniplex_forest_clump_diagonal,
          ebering_ecumenical_altar_ruins
D:2:      layout_basic, basic_altar, uniq_terence

Skill      XL: |  1 |
---------------+----+-----
Throwing       | 3 |  3.8
Fighting       | |  2.0
Dodging        | |  1.5
Stealth        | |  0.5

Action                   || total
-------------------------++-------
Melee: Short sword       ||   103
       Tailslap          ||    12
Throw: Javelin           ||     2
       Throwing net      ||     2
 Abil: Rolling Charge    ||    19
  Use: Potion            ||     2
       Scroll            ||     1
 Stab: Held in net/web   ||     1
Armor: Leather armour    ||    26
Dodge: Dodged            ||    43

Table legend: (Time is in decaauts)
 A = Elapsed time spent in this place.
 B = Non-inter-level travel time spent in this place.
 C = Inter-level travel time spent in this place.
 D = Time resting spent in this place.
 E = Time spent auto-exploring this place.
 F = Levels seen in this place.
 G = Mean time per level.
                   A        B        C        D        E       F      G
               +--------+--------+--------+--------+--------+-----+--------+
         Total |   1123 |   1059 |     64 |      0 |    893 |   2 |  561.5 |
       Dungeon |   1123 |   1059 |     64 |      0 |    893 |   2 |  561.5 |
               +--------+--------+--------+--------+--------+-----+--------+

Top non-repeatable levels by time:
     D:1: 1028 daAuts
     D:2: 94 daAuts
